 Dungeon Crawl Stone Soup version 0.31-a0-1072-g202bf7ea07 (webtiles) character file.

Game seed: 14086389926588803846

161 CrazyBamboolord the Ruffian (level 5, 0/44 HPs)
             Began as a Draconian Shapeshifter on Nov 26, 2023.
             Slain by an orc
             ... wielding a +0 trident
              (7 damage)
             ... on level 3 of the Dungeon.
             The game lasted 00:03:05 (1677 turns).

CrazyBamboolord the Ruffian (DrSh)                  Turns: 1677, Time: 00:03:06

Health: 0/44       AC:  5    Str: 25    XL:     5   Next: 18%
Magic:  14/14      EV: 12    Int: 10    God:
Gold:   140        SH:  0    Dex: 10    Spells: 4/4 levels left

rFire   . .          .
                       - Unarmed
rCold   . . .        (no shield)
rNeg    . . .        (body armour unavailable)
rPois   .            (helmet currently unavailable)
rElec   .            (cloak currently unavailable)
rCorr   .            (gloves currently unavailable)
SInv    .            (boots currently unavailable)
Will    .....        (no amulet)
Stlth   +            g - ring of magical power
HPRegen 0.27/turn    h - +6 ring of strength
MPRegen 0.14/turn

%: no passive effects
@: beast-form
A: beast (slay +2), AC +5, unfitting armour, cold-blooded
a: Begin Untransformation


You were on level 3 of the Dungeon.
You were a hulking beast.
You visited 1 branch of the dungeon, and saw 3 of its levels.

You collected 140 gold pieces.

Inventory:

Jewellery
 g - a ring of magical power (left hand)
 h - a +6 ring of strength (right hand)
 k - a ring of flight
 l - a ring of positive energy
Talismans
 b - a beast talisman
 c - a flux talisman
Scrolls
 d - a scroll of revelation
 f - 3 scrolls of identify
 i - a scroll of vulnerability {unknown}
 j - a scroll of acquirement {unknown}
Potions
 a - a potion of lignification
 e - 2 potions of might
 m - a potion of curing {unknown}
 n - 2 potions of brilliance {unknown}


   Skills:
 + Level 2.8 Fighting
 + Level 2.8 Dodging
 + Level 3.9 Unarmed Combat
 + Level 3.8 Shapeshifting


You had 4 spell levels left.
You didn't know any spells.
Your spell library contained the following spells:

 Spells                   Type           Power      Damage    Failure   Level
 Summon Forest            Summ/Tloc      0%         N/A       100%        5
 Summon Mana Viper        Hex/Summ       0%         N/A       100%        5
 Summon Cactus Giant      Summ           0%         N/A       100%        6


Dungeon Overview and Level Annotations

Branches:
Dungeon (3/15)

Altars:


Innate Abilities, Weirdness & Mutations

You are a hulking beast.
Your limbs bulge with bestial killing power. (Slay +2)
Your plain brown scales are hard. (AC +5)
You cannot fit into any form of body armour.
You are cold-blooded and may be slowed by cold attacks.


Message History

No target in view!
No target in view!
No target in view!
No target in view!
No target in view!
No target in view!
No target in view!
No target in view!
No target in view!
No target in view!
No target in view!
Found a stone staircase leading up.
You open the door.
An orc comes into view. It is wielding a +0 hand axe.
An orc is nearby!
An orc priest comes into view. It is wielding a +0 club.
The orc priest shouts!
An orc comes into view. It is wielding a +0 trident.
An orc comes into view. It is wielding a +0 trident.
The orc shouts!
The orc shouts!
The orc priest misses you. The orc barely misses you.
You barely miss the orc priest.
Unknown command.
You closely miss the orc priest.
The orc priest calls down the wrath of Beogh upon you.
Beogh smites you!
The orc hits you from afar with a +0 trident.
The orc hits you with a +0 hand axe. The orc closely misses you.
You closely miss the orc priest. The orc priest misses you.
The orc hits you from afar with a +0 trident.
The orc barely misses you. The orc closely misses you.
Unknown command.
You hit the orc priest. You tail-slap the orc priest.
The orc priest is severely wounded.
The orc priest invokes the aid of Beogh against you.
Beogh smites you!
* * * LOW HITPOINT WARNING * * *
The orc hits you from afar with a +0 trident!
You die...

.##.#...# ...<#...# ...
###.......#
.######..###....
...........
...............#
######.####
...............### ...
............... ### .....
....#
##########'#####...###.
#...ooh.......##.......
+...oo#####............
#..#### #####........ ##
+..###### #.##### #####..#
#. #.....#####......####
.####.##........#..........
#..... #...#.##.####.......
#....# #...#.##.# #.......


You could see an orc priest and 3 orcs.

Vanquished Creatures
  7 gnolls (D:2)
  4 adders (D:2)
  3 dart slugs
  7 ball pythons
  6 bats
  2 endoplasms
  5 goblins
  7 hobgoblins
  3 quokkas (D:1)
  A frilled lizard (D:2)
  6 kobolds
  2 rats
  A spectral goblin (D:2)
54 creatures vanquished.

Notes
Turn   | Place    | Note
-------+----------+-------------------------------------------
     0 | D:1      | CrazyBamboolord the Draconian Shapeshifter began the quest
                  | for the Orb.
     0 | D:1      | Reached XP level 1. HP: 16/16 MP: 1/1
   154 | D:1      | Reached XP level 2. HP: 19/23 MP: 2/2
   674 | D:1      | Reached XP level 3. HP: 26/29 MP: 3/3
   877 | D:2      | Reached XP level 4. HP: 12/36 MP: 4/4
  1147 | D:2      | Found a faded altar of an unknown god.
  1181 | D:2      | Reached XP level 5. HP: 37/42 MP: 5/5
  1677 | D:3      | Slain by an orc

Illustrated notes

Levels and vault maps discovered:
D:1:      shiori_arrival_oz, layout_basic, st_stairs_11,
          minmay_misc_feat_four_crosses, minmay_misc_feat_roman,
          corner_web_ring, chequers_jeans, hangedman_feature_mirror
D:2:      layout_loops_ring, dreamdust_ecumenical_altar_drowned_temple,
          nicolae_grassy_gnolls
D:3:      layout_basic, mainiacjoe_overflow_surrounded_room,
          minmay_goblin_outpost

Skill      XL: |  1  2  3 |
---------------+----------+-----
Dodging        | 2 |  2.8
Fighting       | 2 |  2.8
Unarmed Combat | |  3.9
Shapeshifting  | |  3.8

Action                     |  1- 3 |  4- 6 || total
---------------------------+-------+-------++-------
  Melee: Unarmed           |    93 |    72 ||   165
         Tailslap          |     5 |     6 ||    11
         Punch             |     1 |     2 ||     3
    Use: Scroll            |     2 |       ||     2
         Potion            |     1 |       ||     1
   Stab: Sleeping          |     1 |     1 ||     2
 Armour: Skin              |    60 |    42 ||   102
  Dodge: Dodged            |    46 |    40 ||    86

Table legend: (Time is in decaauts)
 A = Elapsed time spent in this place.
 B = Non-inter-level travel time spent in this place.
 C = Inter-level travel time spent in this place.
 D = Time resting spent in this place.
 E = Time spent auto-exploring this place.
 F = Levels seen in this place.
 G = Mean time per level.
                   A        B        C        D        E       F      G
               +--------+--------+--------+--------+--------+-----+--------+
         Total |   1682 |   1630 |     52 |    131 |   1094 |   3 |  560.7 |
       Dungeon |   1682 |   1630 |     52 |    131 |   1094 |   3 |  560.7 |
               +--------+--------+--------+--------+--------+-----+--------+

Top non-repeatable levels by time:
     D:2: 811 daAuts
     D:1: 776 daAuts
     D:3: 95 daAuts
